 Dungeon Crawl Stone Soup version 0.26.1-2-gb8aa6d0 (webtiles) character file.

Game seed: 10591501189040787381

5728 Nithhogg the Cleaver (level 11, -2/86 HPs)
             Began as a Human Monk on Mar 30, 2021.
             Was a Priest of the Shining One.
             Shot with an arrow by a centaur (10 damage)
             ... on level 9 of the Dungeon.
             The game lasted 00:21:09 (11283 turns).

Nithhogg the Cleaver (Human Monk)                  Turns: 11283, Time: 00:21:09

Health: -2/86      AC: 13    Str: 12    XL:     11   Next: 5%
Magic:  0/3        EV: 33    Int: 10    God:    the Shining One [***...]
Gold:   316        SH:  6    Dex: 18    Spells: 10/10 levels left

rFire    + . .     SeeInvis .   y - +6 flail "Bakhlul" {antimagic, +Rage Str-4 Dex+3}
rCold    . . .     Faith    .   (no shield)
rNeg     + . .     Spirit   .   L - +2 scale mail {rF+}
rPois    .         Reflect  .   D - +0 helmet
rElec    .         Harm     .   (no cloak)
rCorr    .         Rampage  .   x - +0 pair of gloves
Will     +....                  C - +0 pair of boots (curse)
Stlth    +.........             B - amulet of the acrobat
HPRegen  0.24/turn              u - ring of willpower
MPRegen  0.08/turn              I - +4 ring of evasion

@: divine shield, acrobat, glowing
A: no striking features
a: Renounce Religion, Evoke Berserk Rage, Divine Shield


You were on level 9 of the Dungeon.
You worshipped the Shining One.
The Shining One was most pleased with you.
You visited 2 branches of the dungeon, and saw 10 of its levels.

You collected 469 gold pieces.
You spent 153 gold pieces at shops.

Inventory:

Hand Weapons
 a - a +0 hand axe
 y - the +6 flail "Bakhlul" (weapon) {antimagic, +Rage Str-4 Dex+3}
   (You bought it in a shop on level 4 of the Dungeon)

   It reduces the magical energy of the wielder, and disrupts the spells and
   magical abilities of those hit.
   Natural abilities and divine invocations are not affected.
   It affects your strength (-4).
   It affects your dexterity (+3).
   It lets you go berserk.
 K - a +2 halberd
Armour
 b - a +0 robe
 q - a +0 ring mail
 x - a +0 pair of gloves (worn)
 C - a cursed +0 pair of boots (worn)
 D - a +0 helmet (worn)
 L - a +2 scale mail of fire resistance (worn)
Magical Staves
 m - an uncursed staff of fire
Jewellery
 f - an uncursed ring of positive energy
 k - an uncursed ring of willpower
 u - a ring of willpower (left hand)
 w - an uncursed ring of willpower
 B - an amulet of the acrobat (around neck)
 I - a +4 ring of evasion (right hand)
Wands
 n - a wand of iceblast (2) (quivered)
 E - a wand of flame (9)
Scrolls
 c - 7 scrolls of identify {unknown}
 g - 2 scrolls of random uselessness {unknown}
 h - 3 scrolls of immolation {unknown}
 i - 3 scrolls of enchant weapon {unknown}
 j - a scroll of blinking {unknown}
 l - 2 scrolls of fog {unknown}
 t - 5 scrolls of remove curse {unknown}
 v - 4 scrolls of teleportation {unknown}
 z - a scroll of magic mapping {unknown}
 A - a scroll of fear {unknown}
 F - a scroll of brand weapon {unknown}
 G - 5 scrolls of noise {unknown}
 H - a scroll of amnesia {unknown}
 M - a scroll of enchant armour {unknown}
Potions
 d - a potion of haste {unknown}
 e - a potion of degeneration
 o - a potion of magic {unknown}
 p - a potion of resistance {unknown}
 r - a potion of cancellation {unknown}
 s - a potion of lignification {unknown}
 J - 2 potions of curing {unknown}
 N - a potion of mutation {unknown}


   Skills:
 + Level 7.9 Fighting
 * Level 10.1 Axes
 + Level 7.1 Armour
 + Level 7.9 Dodging
 - Level 2.0 Stealth


You had 10 spell levels left.
You didn't know any spells.
Your spell library contained the following spells:

 Spells                   Type           Power        Failure   Level
 Beastly Appendage        Tmut           0%           85%         1
 Wereblood                Tmut           0%           94%         2
 Spider Form              Tmut/Pois      0%           99%         3
 Ice Form                 Ice/Tmut       0%           100%        4
 Blade Hands              Tmut           0%           100%        5


Dungeon Overview and Level Annotations

Branches:
Dungeon (9/15)             Temple (1/1) D:6            Lair (0/6) D:8
    Orc: D:9-12

Altars:
Ashenzari
Cheibriados
Dithmenos
Elyvilon
Fedhas
Gozag
Hepliaklqana
Kikubaaqudgha
Makhleb
Nemelex Xobeh
Okawaru
Qazlal
Ru
Sif Muna
Trog
Uskayaw
Vehumet
Wu Jian
Xom
Yredelemnul
Zin
The Shining One

Shops:
D:4 *


Message History

The two-headed ogre is heavily wounded.
The two-headed ogre hits you with a +0 giant club!
The two-headed ogre completely misses you.
You hit the two-headed ogre.
The two-headed ogre is heavily wounded.
The two-headed ogre completely misses you.
The two-headed ogre misses you. A divine shield forms around you!
You fail to use your ability.
The two-headed ogre completely misses you.
The two-headed ogre hits you with a +0 giant club!!
* * * LOW HITPOINT WARNING * * *
You hit the two-headed ogre.
The two-headed ogre is heavily wounded.
The two-headed ogre closely misses you.
The two-headed ogre hits you with a +0 giant club!
* * * LOW HITPOINT WARNING * * *
The orc shouts!
The centaur shoots an arrow.
The arrow hits you!
You die...

......# #........#
.....o.
###.#.##.########
.....
#...#............
#...#..#.########
###...#..#(#
.'...#..#(#
#####...####.#
#.o.....#..c.#
##.#.@.O####
#..#.##############
#.................#
#..#.##.........#.# #
#..#.##.#######.#(#
#.#..#............#.#
#.#.....†.........#.#
#.......#.#######.#.#
####.###.#.# #>#.#


You could see a two-headed ogre, a centaur and an orc.

Vanquished Creatures
  Erica (D:8)
  Maggie (D:8)
  Prince Ribbit (D:7)
  4 yaks (D:9)
  Duvessa (D:7)
  3 wargs (D:8)
  6 orc warriors
  3 sky beasts
  2 phantoms
  A necrophage (D:8)
  2 ogres
  6 centaurs
  4 bullfrogs
  A wyvern skeleton (D:6)
  Dowan (D:7)
  A scorpion (D:6)
  3 wights (D:7)
  A howler monkey (D:5)
  A bullfrog zombie (D:7)
  6 orc priests
  4 jellies
  3 centaur skeletons
  A hound (D:9)
  3 iguanas
  5 worker ants
  11 orc wizards
  A killer bee zombie (D:5)
  A hound zombie (D:7)
  A hound skeleton (D:8)
  A gnoll (D:1)
  9 adders
  A shadow imp (D:7)
  2 white imps
  An ooze (D:3)
  An adder skeleton (D:4)
  A worm (D:2)
  3 leopard geckos
  34 orcs
  5 bats
  5 giant cockroaches
  8 goblins
  4 hobgoblins
  10 jackals
  7 kobolds
  6 quokkas
  4 ball pythons
  7 frilled lizards
  2 giant cockroach zombies (D:5)
  2 leopard gecko skeletons
  2 leopard gecko zombies
  A quokka skeleton (D:4)
  5 rats
200 creatures vanquished.

Vanquished Creatures (others)
  An orc (D:8)
  2 plants (D:1)
3 creatures vanquished.

Grand Total: 203 creatures vanquished

Notes
Turn   | Place    | Note
-------+----------+-------------------------------------------
     0 | D:1      | Nithhogg the Human Monk began the quest for the Orb.
     0 | D:1      | Reached XP level 1. HP: 18/18 MP: 1/1
   147 | D:1      | Reached XP level 2. HP: 24/24 MP: 2/2
   348 | D:1      | Reached skill level 1 in Armour
   348 | D:1      | Reached XP level 3. HP: 17/29 MP: 3/3
  2019 | D:3      | Reached XP level 4. HP: 21/35 MP: 4/4
  2899 | D:3      | Reached XP level 5. HP: 40/42 MP: 5/5
  3871 | D:4      | Found Ibrij's Assorted Antiques.
  3884 | D:4      | Reached skill level 4 in Axes
  3884 | D:4      | Reached XP level 6. HP: 33/48 MP: 6/6
  4146 | D:4      | Bought a smouldering flail for 153 gold pieces
  4146 | D:4      | Identified the +6 flail "Bakhlul" {antimagic, +Rage Str-4
                  | Dex+3} (You bought it in a shop on level 4 of the Dungeon)
  4585 | D:5      | Entered Level 5 of the Dungeon
  4585 | D:5      | Noticed an ogre
  4590 | D:5      | Killed an ogre
  4642 | D:5      | Noticed a phantom
  4667 | D:5      | Killed a phantom
  4668 | D:5      | Reached XP level 7. HP: 52/55 MP: 2/7
  4787 | D:5      | Found an opulent altar of Gozag.
  5008 | D:5      | Reached skill level 5 in Axes
  5397 | D:5      | Reached skill level 5 in Fighting
  5397 | D:5      | Reached skill level 5 in Dodging
  5397 | D:5      | Reached XP level 8. HP: 38/62 MP: 2/8
  5989 | D:5      | Found an opulent altar of Gozag.
  6554 | D:5      | Reached skill level 6 in Axes
  7262 | D:6      | Found a basalt altar of Yredelemnul.
  7342 | D:6      | Found a staircase to the Ecumenical Temple.
  7351 | Temple   | Entered the Ecumenical Temple
  7413 | Temple   | Became a worshipper of the Shining One
  7413 | Temple   | Reached * piety under the Shining One
  7413 | Temple   | Reached ** piety under the Shining One
  7785 | D:6      | Reached XP level 9. HP: 68/69 MP: 3/9
  8134 | D:7      | Reached skill level 7 in Axes
  8276 | D:7      | Reached skill level 5 in Armour
  8684 | D:7      | Noticed Duvessa
  8684 | D:7      | Noticed Dowan
  8690 | D:7      | Noticed Prince Ribbit
  8691 | D:7      | Killed Dowan
  8692 | D:7      | Killed Duvessa
  8723 | D:7      | Killed Prince Ribbit
  9025 | D:8      | Noticed Erica
  9032 | D:8      | Reached skill level 8 in Axes
  9044 | D:8      | Killed Erica
  9045 | D:8      | Reached XP level 10. HP: 63/77 MP: 3/10
  9202 | D:8      | Noticed Maggie
  9218 | D:8      | Killed Maggie
  9219 | D:8      | Reached skill level 9 in Axes
  9509 | D:8      | Found a burning altar of Makhleb.
  9510 | D:8      | Reached *** piety under the Shining One
  9901 | D:8      | Found a staircase to the Lair.
 10341 | D:8      | Found a shadowy altar of Dithmenos.
 10893 | D:9      | Reached skill level 10 in Axes
 10893 | D:9      | Reached XP level 11. HP: 67/86 MP: 3/11
 11242 | D:9      | Noticed a two-headed ogre
 11283 | D:9      | Shot with an arrow by a centaur

Illustrated notes

Levels and vault maps discovered:
D:1:      psy_arrival_conway, layout_loops_ring, serial_forest,
          infiniplex_forest_corner_1, infiniplex_forest_zigzag_1,
          infiniplex_forest_straight_2, infiniplex_forest_corner_2,
          infiniplex_forest_lined_3, infiniplex_forest_clump_double,
          infiniplex_forest_end_2, serial_bayou_pond_d
D:2:      layout_basic, kennysheep_crisscross
D:3:      layout_loops_cross
D:4:      layout_cave_pods, serial_shops, nicolae_shop_overgrown_old_shop
D:5:      layout_basic, marbit_many_paths, kennysheep_minor_cross,
          nicolae_gozag_cash_rules_everything_around_me
D:6:      nicolae_whirlpool, layout_cave_pools, temple_statues,
          yredelemnul_altar_generic
D:7:      layout_basic, uniq_duvessa, uniq_prince_ribbit1
D:8:      layout_basic, erik_lair_orcish_takeover, basic_altar,
          chequers_serial_rivers_large_b, grunt_dithmenos_shadows, uniq_erica,
          uniq_maggie
D:9:      layout_basic, nzn_ghost_randoct, uniq_gastronok
Temple:   grunt_wide_crystal_templ

Skill      XL: |  1  2  3  4  5  6  7  8  9 10 |
---------------+-------------------------------+-----
Armour         | 1 2 3 4 6 7 |  7.1
Fighting       | 4 5 6 7 |  7.9
Axes           | 4 5 6 8 10 | 10.1
Dodging        | 4 5 6 7 |  7.9
Stealth        | |  2.0

Action                   |  1- 3 |  4- 6 |  7- 9 | 10-12 || total
-------------------------+-------+-------+-------+-------++-------
Melee: Hand axe          |   121 |   154 |       |       ||   275
       Flail             |       |    38 |   237 |   203 ||   478
Invok: Divine Shield     |       |       |       |     2 ||     2
 Abil: Evoke Berserk Rag |       |       |       |     1 ||     1
Evoke: Wand              |       |       |     9 |     9 ||    18
  Use: Potion            |       |       |     4 |     3 ||     7
 Stab: Sleeping          |     4 |     2 |     3 |       ||     9
       Distracted        |       |       |     1 |       ||     1
Armor: Robe              |    12 |       |       |       ||    12
       Ring mail         |     5 |    49 |   100 |       ||   154
       Scale mail        |       |       |     9 |    76 ||    85
       Skin              |       |       |     1 |       ||     1
Dodge: Dodged            |    96 |   127 |   210 |   250 ||   683
Block: Other             |       |       |       |     9 ||     9
